 Dungeon Crawl Stone Soup version 0.30-a0-354-g6b83867211 (webtiles) character file.

Game seed: 9089724988384194979

1533 iguanaiguana the Skirmisher (level 8, 0/37 HPs)
             Began as a Spriggan Hunter on Nov 8, 2022.
             Engulfed by a steam dragon's steam (4 damage)
             ... on level 7 of the Dungeon.
             The game lasted 00:10:49 (4965 turns).

iguanaiguana the Skirmisher (Spriggan Hunter)       Turns: 4965, Time: 00:10:50

Health: 0/37       AC:  2    Str:  7    XL:     8   Next: 55%
Magic:  9/9        EV: 21    Int: 16    God:
Gold:   250        SH:  0    Dex: 21    Spells: 7/7 levels left

rFire   . . .      SeeInvis +    a - +0 shortbow
rCold   . . .      Faith    .    (shield currently unavailable)
rNeg    . . .      Spirit   .    c - +0 robe
rPois   .          Reflect  .    (helmet restricted)
rElec   .          Harm     .    (no cloak)
rCorr   .          Rampage  .    (gloves unavailable)
Will    ++...                    (boots unavailable)
Stlth   ++++......               m - amulet of regeneration
HPRegen 1.06/turn                f - ring of willpower
MPRegen 0.11/turn                y - +6 ring of intelligence

@: studying Unarmed Combat, very quick
A: very small, no large weapons, unfitting armour, see invisible, speed 3
a: no special abilities


You were on level 7 of the Dungeon.
You visited 1 branch of the dungeon, and saw 7 of its levels.

You collected 250 gold pieces.

Inventory:

Hand Weapons
 a - a +0 shortbow (weapon)
 p - a +2 dagger of speed
Missiles
 j - 17 poisoned darts
 q - 2 datura-tipped darts
 B - 5 javelins
 D - 3 boomerangs
Armour
 c - a +0 robe (worn)
 g - a +0 cloak
Jewellery
 f - a ring of willpower (left hand)
 m - an amulet of regeneration (around neck)
 y - a +6 ring of intelligence (right hand)
Scrolls
 b - 6 scrolls of immolation
 d - a scroll of amnesia
 i - a scroll of enchant weapon
 l - 4 scrolls of teleportation {@r3}
 n - a scroll of summoning
 o - a scroll of blinking {unknown}
 r - 2 scrolls of fog {unknown}
 w - a scroll of fear {unknown}
 x - 2 scrolls of vulnerability {unknown}
 A - a scroll of enchant armour {unknown}
Potions
 e - 4 potions of brilliance {unknown}
 h - 2 potions of ambrosia
 k - 4 potions of curing {unknown}
 s - 2 potions of attraction
 t - 3 potions of lignification {unknown}
 u - 2 potions of might {@q3}
 v - a potion of haste {@q4}
 z - a potion of degeneration {unknown}
 C - a potion of heal wounds {unknown}


   Skills:
 - Level 1.5 Fighting
 - Level 10.0 Ranged Weapons
 + Level 5.8 Dodging
 + Level 6.3 Stealth


You had 7 spell levels left.
You didn't know any spells.
Your spell library contained the following spells:

 Spells                   Type           Power      Damage    Failure   Level
 Apportation              Tloc           0%         N/A       26%         1
 Kiss of Death            Conj/Necr      0%         2d5       26%         1
 Necrotise                Necr           0%         1d4       26%         1
 Sting                    Tmut/Pois      0%         1d3       26%         1
 Summon Small Mammal      Summ           0%         N/A       26%         1
 Poisonous Vapours        Pois/Air       0%         N/A       36%         2
 Confusing Touch          Hex            0%         N/A       58%         3
 Gell's Gravitas          Tloc           0%         N/A       58%         3
 Lesser Beckoning         Tloc           0%         N/A       58%         3
 Summon Guardian Golem    Hex/Summ       0%         N/A       58%         3
 Teleport Other           Tloc           0%         N/A       58%         3
 Dispel Undead            Necr           0%         3d6       94%         4
 Olgreb's Toxic Radiance  Pois           0%         N/A       94%         4
 Orb of Destruction       Conj           0%         9d5       100%        7
 Spellforged Servitor     Conj/Summ      0%         N/A       100%        7


Dungeon Overview and Level Annotations

Branches:
Dungeon (7/15) Zot: 26937  Temple (0/1) D:5

Altars:
Makhleb
Ru

Shops:
D:2 *

Annotations:
D:3 Sigmund


Innate Abilities, Weirdness & Mutations

You are very small and have problems with some larger weapons.
You are too small for most types of armour.
You have supernaturally acute eyesight. (SInv)
You cover ground extremely quickly. (Speed+++)


Message History

You destroy the phantom!
Your Stealth skill increases to level 6!
No target in view!
No target in view!
No target in view!
Unknown command.
No target in view!
HP restored.
g - a +0 cloak You now have 250 gold pieces (gained 7).
A steam dragon comes into view.
You shoot an arrow. The arrow hits the steam dragon!
The steam dragon is moderately wounded.
You shoot an arrow. The arrow hits the steam dragon.
The steam dragon is moderately wounded.
You shoot an arrow. The arrow hits the steam dragon!
The steam dragon is heavily wounded.
You shoot an arrow.
The arrow closely misses the steam dragon.
You shoot an arrow. The arrow hits the steam dragon.
The steam dragon is severely wounded.
You shoot an arrow. The steam dragon is severely wounded.
The steam dragon breathes steam at you. The ball of steam hits you!!
Ouch! That really hurt!
* * * LOW HITPOINT WARNING * * *
You are too injured to fight recklessly!
There is an escape hatch in the ceiling here.
Fire: a) +0 shortbow
Press: ? - help, Q - select action, (/) - cycle Shift-Dir - straight line, f/p - steam dragon
Aim: a steam dragon (severely wounded, 67% to hit)
You shoot an arrow.
The arrow barely misses the steam dragon.
The steam dragon breathes steam at you. The ball of steam hits you!!
Ouch! That really hurt!
* * * LOW HITPOINT WARNING * * *
You are engulfed in a cloud of scalding steam.
You die...

#..# #D# #..## #.#
#...# #.# ###
#########..####.# #..
................. #.#
##.....#§##.... #.#
#.......§..D...
#.######...D..#§##.>..
#...§@§§.#...##.###...
#.#.§§#####.###.# ##.#
#..###.# #.# #.# #.#
##.## #.# #.# #.# #.#
#.## #.##.# #.# #.#
#<# .##.# #.# #.# ...#
##. ... #. .##


There were no monsters in sight!

Vanquished Creatures
  A steam dragon (D:4)
  2 water moccasins (D:5)
  A black bear (D:4)
  2 ice beasts
  A sky beast (D:6)
  A centaur (D:6)
  A phantom (D:7)
  3 scorpions
  A howler monkey (D:5)
  An orc priest (D:5)
  3 hounds
  A jelly (D:5)
  2 iguanas
  2 orc wizards (D:6)
  8 adders
  A shadow imp (D:5)
  3 white imps (D:6)
  An ufetubus (D:5)
  3 worms
  2 dart slugs
  11 orcs
  5 ball pythons
  10 bats
  6 endoplasms
  4 giant cockroaches
  6 goblins
  10 hobgoblins
  8 quokkas
  3 frilled lizards (D:1)
  2 kobolds
  7 rats
112 creatures vanquished.

Vanquished Creatures (others)
  An orc wizard (D:6)
1 creature vanquished.

Grand Total: 113 creatures vanquished

Notes
Turn   | Place    | Note
-------+----------+-------------------------------------------
     0 | D:1      | iguanaiguana the Spriggan Hunter began the quest for the
                  | Orb.
     0 | D:1      | Reached XP level 1. HP: 10/10 MP: 2/2
   100 | D:1      | Reached XP level 2. HP: 14/14 MP: 3/3
   252 | D:1      | Reached skill level 5 in Ranged Weapons
   253 | D:1      | Reached XP level 3. HP: 18/18 MP: 4/4
   553 | D:2      | Found a sacrificial altar of Ru.
   717 | D:2      | Found Mikotref's Assorted Antiques.
  1141 | D:3      | Reached XP level 4. HP: 22/22 MP: 5/5
  1369 | D:3      | Reached skill level 6 in Ranged Weapons
  1382 | D:3      | Noticed Sigmund
  1973 | D:4      | Reached XP level 5. HP: 25/25 MP: 6/6
  2200 | D:4      | Noticed a steam dragon
  2337 | D:4      | HP: 1/25 [steam dragon/ball of steam (17)]
  2346 | D:4      | Killed a steam dragon
  2347 | D:4      | Reached skill level 7 in Ranged Weapons
  2347 | D:4      | Reached XP level 6. HP: 9/30 MP: 7/7
  2763 | D:5      | Entered Level 5 of the Dungeon
  2781 | D:5      | Found a staircase to the Ecumenical Temple.
  2793 | D:5      | Reached skill level 8 in Ranged Weapons
  3004 | D:5      | Noticed a steam dragon
  3033 | D:5      | Noticed an ice beast
  3073 | D:5      | Killed an ice beast
  3074 | D:5      | Reached XP level 7. HP: 33/33 MP: 8/8
  3364 | D:5      | Reached skill level 9 in Ranged Weapons
  3702 | D:5      | Reached skill level 10 in Ranged Weapons
  3911 | D:6      | Reached XP level 8. HP: 37/37 MP: 9/9
  4411 | D:6      | Found a burning altar of Makhleb.
  4685 | D:6      | Reached skill level 5 in Dodging
  4685 | D:6      | Reached skill level 5 in Stealth
  4965 | D:7      | Engulfed by a steam dragon's steam

Illustrated notes

Levels and vault maps discovered:
D:1:      lemuel_arrival_behind_the_door_small, layout_rooms
D:2:      layout_basic, serial_shops, nicolae_diamond_shop, basic_altar,
          serial_rivers, chequers_serial_rivers_micro_c,
          chequers_serial_rivers_micro_e, chequers_serial_rivers_room_b,
          chequers_serial_rivers_small_a, chequers_serial_rivers_micro_b,
          chequers_serial_rivers_micro_d
D:3:      layout_loops_cross, st_stairs_14, nicolae_underground_beach,
          uniq_sigmund
D:4:      layout_cave_pods
D:5:      kb_forest_paths, layout_loops_ring, minmay_temple_entry_waves
D:6:      layout_loops_ring, nicolae_overflow_hidden_temple,
          minmay_misc_feat_hallway, minmay_manual_mullet
D:7:      layout_loops_ring, general_overflow_altar, kennysheep_potato,
          uniq_pikel, uniq_prince_ribbit1

Skill      XL: |  1  2  3  4  5  6  7  8 |
---------------+-------------------------+-----
Ranged Weapons | 5 6 7 8 10 | 10.0
Stealth        | 2 6 |  6.3
Dodging        | 3 5 |  5.8
Fighting       | |  1.5

Action                   |  1- 3 |  4- 6 |  7- 9 || total
-------------------------+-------+-------+-------++-------
 Fire: Shortbow          |   121 |   142 |   179 ||   442
  Use: Scroll            |       |     1 |     8 ||     9
Armor: Robe              |    11 |       |       ||    11
Dodge: Dodged            |    47 |    33 |    33 ||   113

Table legend: (Time is in decaauts)
 A = Elapsed time spent in this place.
 B = Non-inter-level travel time spent in this place.
 C = Inter-level travel time spent in this place.
 D = Time resting spent in this place.
 E = Time spent auto-exploring this place.
 F = Levels seen in this place.
 G = Mean time per level.
                   A        B        C        D        E       F      G
               +--------+--------+--------+--------+--------+-----+--------+
         Total |   3345 |   3206 |    139 |     20 |   2283 |   7 |  477.9 |
       Dungeon |   3345 |   3206 |    139 |     20 |   2283 |   7 |  477.9 |
               +--------+--------+--------+--------+--------+-----+--------+

Top non-repeatable levels by time:
     D:6: 790 daAuts
     D:5: 645 daAuts
     D:3: 565 daAuts
     D:4: 555 daAuts
     D:1: 380 daAuts
     D:2: 346 daAuts
     D:7: 62 daAuts
